 Dungeon Crawl Stone Soup version 0.17-a0-1141-g3e25b61 (webtiles) character file.

79 NekoKawashu the Chopper (level 4, -2/36 HPs)
             Began as a Minotaur Berserker on May 26, 2015.
             Was an Initiate of Qazlal.
             Killed by divine providence
             ... invoked by an orc priest
              (8 damage)
             ... on level 3 of the Dungeon.
             The game lasted 00:11:25 (1401 turns).

NekoKawashu the Chopper (Minotaur Berserker)        Turns: 1401, Time: 00:11:25

Health: -2/36      AC:  6    Str: 23    XL:     4   Next: 17%
Magic:  3/3        EV: 11    Int:  4    God:    Qazlal [......]
Gold:   44         SH:  0    Dex:  9    Spells: 0 memorised, 3 levels left

rFire  . . .     SeeInvis .     a - +0 hand axe
rCold  . . .     Clarity  .     m - +0 scale mail
rNeg   . . .     SustAt   .     (no shield)
rPois  .         Gourm    .     (helmet restricted)
rElec  .         Spirit   .     (no cloak)
rCorr  .         Warding  .     (no gloves)
rMut   .         Stasis   .     (no boots)
MR     .....                    (no amulet)
Stlth  ..........               (no ring)
                                (no ring)

@: not resistant to hostile enchantments, extremely unstealthy
A: retaliatory headbutt, hooves 1, horns 2, frail 1
a: Renounce Religion


You were on level 3 of the Dungeon.
You worshipped Qazlal.
Qazlal was noncommittal.
You were not hungry.

You visited 1 branch of the dungeon, and saw 3 of its levels.

You collected 44 gold pieces.

Inventory:

Hand weapons
 a - a +0 hand axe (weapon)
 e - a +3 whip
 o - a +0 hand axe
Armour
 b - a +0 animal skin
 h - a +0 leather armour
 m - a +0 scale mail (worn)
Scrolls
 d - 2 scrolls of identify
 l - a scroll of immolation
Potions
 f - a potion of might {unknown}
 g - a potion of mutation
 i - 2 potions of heal wounds {unknown}
 k - a potion of degeneration {unknown}
 n - a potion of flight {unknown}
 p - a potion of agility {unknown}
Comestibles
 c - a slice of pizza
 j - 2 fruits
 q - 6 chunks of flesh


   Skills:
 + Level 4.3 Fighting
 + Level 4.6 Axes
 + Level 0.5(2.9) Maces & Flails
 + Level 2.7 Armour
 + Level 3.2 Dodging


You had 3 spell levels left.
You didn't know any spells.

Dungeon Overview and Level Annotations

Branches:
Dungeon (3/15)

Altars:
Gozag
Qazlal
Sif Muna


Innate Abilities, Weirdness & Mutations

You reflexively headbutt those who attack you in melee.
You have a pair of horns on your head.
You have large cloven feet.
You are frail (-10% HP).


Message History

Use which ability? (? or * to list)
Okay, then.
d - 2 scrolls of identify (gained 1)
An orc comes into view. It is wielding a hand axe.
An orc and an orc priest come into view.
The orc priest shouts!
The orc priest invokes the aid of Beogh against you.
Something smites you! The orc hits you with a hand axe!
You hit the orc. Your kick misses the orc. Your headbutt misses the orc.
The orc is almost dead.
The orc priest calls down the wrath of Beogh upon you.
Something smites you!
* * * LOW HITPOINT WARNING * * *
The orc hits you but does no damage.
You hit the orc.
You kill the orc!
Qazlal accepts your kill.
The orc priest calls down the wrath of Beogh upon you.
Something smites you!
You die...

##### #.##.#.# >...#
#.##.#.# ###.# #.##.#.#
##### #.##.#.#
###...#####.##.#.# #
#E#...#E#.[.....<###.###
#####...###...##.#........
...................o..o...
##...._.....#.##@#.##.####
#..........#...#..#
####...###.#.##.###
#E#...#E#.#.##.#
###...###..... #####
#..... ##..# ..# ..#


You could see an orc priest and an orc.

Vanquished Creatures
  3 gnolls (D:2)
  An ooze (D:1)
  2 worms (D:2)
  An orc (D:3)
  4 goblins
  4 hobgoblins
  9 bats
  A giant cockroach (D:1)
  A giant gecko (D:2)
  4 giant newts (D:1)
  8 kobolds
  5 rats
43 creatures vanquished.

Notes
Turn   | Place    | Note
--------------------------------------------------------------
     0 | D:1      | NekoKawashu the Minotaur Berserker began the quest for the Orb.
     0 | D:1      | Reached XP level 1. HP: 19/19 MP: 0/0
   379 | D:1      | Reached XP level 2. HP: 9/27 MP: 1/1
   741 | D:1      | Acquired Trog's second power
   743 | D:1      | Reached skill level 4 in Axes
   879 | D:2      | Reached XP level 3. HP: 31/33 MP: 2/2
  1105 | D:2      | Found a deep blue altar of Sif Muna.
  1185 | D:2      | Reached XP level 4. HP: 41/41 MP: 3/3
  1196 | D:2      | Found an opulent altar of Gozag.
  1235 | D:2      | Gained mutation: You have large cloven feet. [potion of mutation]
  1235 | D:2      | Gained mutation: You are frail (-10% HP). [potion of mutation]
  1347 | D:3      | Found a stormy altar of Qazlal.
  1349 | D:3      | Noticed a water elemental
  1350 | D:3      | Noticed an air elemental
  1350 | D:3      | Noticed a fire elemental
  1356 | D:3      | Fell from the grace of Trog
  1356 | D:3      | Became a worshipper of Qazlal Stormbringer
  1401 | D:3      | Killed from afar by an orc priest

Vault maps used:
D:1:      matt_arrival_refuge
D:2:      lemuel_coloured_pillars_altar, nicolae_overflow_crystal_walls,
          minmay_misc_feat_chi, grunt_ministairs_4, st_stairs_6
D:3:      old_standard_altar, nicolae_qazlal_style_of_elements, uniq_terence

Action                   |  1- 3 |  4- 6 || total
-------------------------+-------+-------++-------
Melee: Whip              |    34 |       ||    34
       Hand axe          |    18 |    15 ||    33
Invok: Berserk           |     4 |       ||     4
  Use: Scroll            |     1 |       ||     1
       Potion            |       |     2 ||     2
  Eat: Beef jerky        |     1 |       ||     1
       Fruit             |     2 |       ||     2
       Bread ration      |     1 |       ||     1
